 Dungeon Crawl Stone Soup version 0.25.1-2-g60ff931df9 (webtiles) character file.

Game seed: 11081584414218972075

98015 hawla the Severer (level 15, -16/137 HPs)
             Began as a Minotaur Berserker on Oct 11, 2020.
             Was a High Priest of Trog.
             Demolished by an orc warrior
             ... wielding a +0 flail
             ... led by an orc warlord
              (25 damage)
             ... on level 2 of the Orcish Mines.
             The game lasted 01:39:46 (28538 turns).

hawla the Severer (Minotaur Berserker)             Turns: 28538, Time: 01:39:47

Health: -16/137    AC: 19    Str: 27    XL:     15   Next: 73%
Magic:  5/5        EV: 20    Int: 12    God:    Trog [*****.]
Gold:   936        SH:  0    Dex: 19    Spells: 14/14 levels left

rFire    + . .     SeeInvis +   L - +4 executioner's axe (antimagic)
rCold    + . .     Gourm    .   (shield currently unavailable)
rNeg     . . .     Faith    .   K - +3 scale mail of Liasm {SInv}
rPois    .         Spirit   .   (helmet restricted)
rElec    .         Reflect  .   M - +2 cloak {Stlth+}
rCorr    .         Harm     .   d - +1 pair of gloves
MR       +++..                  h - +2 pair of boots
Stlth    +.........             y - amulet of Suspected Treachery {rF+ rC+ Regen+}
HPRegen  1.72/turn              C - ring "Qoidaw" {+Blink Int+6 Slay+2 Stlth+}
MPRegen  0.09/turn              u - +6 ring of dexterity

@: regenerating
A: retaliatory headbutt, horns 2, agile 1, clever 1, deformed body, low mp 1
a: Berserk, Trog's Hand, Brothers in Arms, Renounce Religion, Evoke Blink


You were on level 2 of the Orcish Mines.
You worshipped Trog.
Trog was extremely pleased with you.
You were very hungry.

You visited 4 branches of the dungeon, and saw 22 of its levels.
You visited 1 bazaar.
You also visited: Bailey and Ice Cave.

You collected 2944 gold pieces.
You spent 2008 gold pieces at shops.

Inventory:

Hand Weapons
 f - a +3 great mace of protection
 n - a +9 vorpal lajatang
 G - a +3 great sword
 L - a +4 antimagic executioner's axe (weapon)
 S - a +0 vorpal double sword
Missiles
 b - 3 silver boomerangs
 g - 7 atropa-tipped darts
 o - 93 boomerangs (quivered)
 X - 8 curare-tipped darts
Armour
 d - a +1 pair of gloves (worn)
 h - a +2 pair of boots (worn)
 K - the +3 scale mail of Liasm (worn) {SInv}
   (You bought it in a shop in a bazaar)

   It lets you see invisible.
 M - a +2 cloak of stealth (worn)
Jewellery
 u - a +6 ring of dexterity (right hand)
 y - the amulet of Suspected Treachery (around neck) {rF+ rC+ Regen+}
   (You found it on level 6 of the Dungeon)

   [amulet of regeneration]

   It protects you from fire.
   It protects you from cold.
   It increases your rate of regeneration.
 C - the ring "Qoidaw" (left hand) {+Blink Int+6 Slay+2 Stlth+}
   (You found it on level 15 of the Dungeon)

   [ring of intelligence]

   It affects your intelligence (+6).
   It affects your accuracy and damage with ranged weapons and melee attacks
   (+2).
   It lets you blink.
   It makes you more stealthy.
 F - an uncursed ring of protection from cold
 N - an uncursed ring of poison resistance
 O - an uncursed ring of protection from fire
 P - an uncursed ring of protection from magic
 Y - an uncursed ring of positive energy
Wands
 a - a wand of enslavement (12)
 A - a wand of paralysis (8)
 I - a wand of iceblast (32)
 J - a wand of acid (4)
 R - a wand of digging (4)
Scrolls
 i - 4 scrolls of blinking
 l - a scroll of fear
 p - 6 scrolls of teleportation
 q - a scroll of remove curse
 s - a scroll of magic mapping
 t - a scroll of fog
 x - a scroll of identify
Potions
 e - 5 potions of flight
 k - a potion of berserk rage
 m - 4 potions of curing
 r - 4 potions of might
 v - 3 potions of ambrosia
 w - 2 potions of resistance
 B - a potion of haste
 H - a potion of magic
 W - a potion of heal wounds
 Z - a potion of cancellation
Miscellaneous
 E - 2 boxes of beasts
Comestibles
 c - 20 rations
 j - 7 chunks of flesh


   Skills:
 + Level 13.8 Fighting
 + Level 4.1 Long Blades
 + Level 17.3(17.6) Axes
 + Level 4.7(14.0) Maces & Flails
   Level 2.1(13.4) Polearms
 + Level 10.8(11.3) Staves
 + Level 8.4 Throwing
 + Level 13.6 Armour
 * Level 11.8 Dodging
 * Level 4.9 Evocations


You had 14 spell levels left.
You didn't know any spells.
Your spell library was empty.

Dungeon Overview and Level Annotations

Branches:
Dungeon (15/15)            Temple (1/1) D:6            Lair (4/6) D:8
 Shoals (0/4) Lair:4        Snake (0/4) Lair:3          Orc (2/2) D:10
    Elf (0/3) Orc:2        Vaults (0/5) D:14         Depths (0/5) D:15
 Bailey (visited)           IceCv (visited)

Altars:
Dithmenos
Elyvilon
Hepliaklqana
Nemelex Xobeh
Okawaru
Ru
Xom
Zin
Beogh

Shops:
D:14 !   Orc:2 ?


Innate Abilities, Weirdness & Mutations

You reflexively headbutt those who attack you in melee.
You have a pair of horns on your head.
You are agile. (Dex +2)
Your mind is acute. (Int +2)
Armour fits poorly on your strangely shaped body.
Your magical capacity is low. (-10% MP)


Message History

The orc warlord hits you with a +2 broad axe!
* * * LOW HITPOINT WARNING * * *
You fail to use your ability.
The orc priest miscasts a cantrip.
The orc priest invokes the aid of Beogh against you.
Beogh smites you!
* * * LOW HITPOINT WARNING * * *
The orc barely misses you. The orc warrior completely misses you.
The orc warrior closely misses you. The orc warrior completely misses you.
Your iron troll goes berserk!
You are feeling very hungry.
The orc warlord hits you with a +2 broad axe!
* * * LOW HITPOINT WARNING * * *
The orc wizard closely misses you. The orc closely misses you.
You furiously retaliate!
You headbutt the orc!!
You kill the orc!
Trog accepts your kill. The orc warrior barely misses you.
The orc warrior hits you with a +0 flail!!
You die... ##.##.#.##....## ooo

# ##.........### o..
##.#........##o'o
##.#...........)o.
#####...#.##.....oo8.8
##.##.#...#............
#.....o.o.o............
#...#To)oo.............
##.##)@ooo..o..........
##.###o#o..............
#...#####..............
##.#........##.........
##..#####..#.....#....
#..##.∩.##.....##.....
#.##.....##.....#.....
#.#..._...#.#.........
#.#...8...#...........


You could see an orc warlord (strong), an orc knight (strong), 3 orc warriors, 3
orc priests, an orc wizard (strong), 3 orcs and a friendly iron troll (summoned,
berserk).

Vanquished Creatures
  Agnes (D:14)
  Kirke (D:14)
  A frost giant (IceCv)
  An orc warlord (Orc:1)
  A stone giant (Orc:1)
  Josephine (D:12)
  Erolcha (D:9)
  4 hydras
  Harold (D:7)
  A vault guard (D:14)
  A rakshasa (D:14)
  3 catoblepae
  A centaur warrior (D:14)
  2 ogre magi (D:15)
  11 two-headed ogres
  4 death yaks
  An orc high priest (Orc:2)
  2 unseen horrors
  7 hell knights (D:12)
  2 wizards (D:15)
  A necromancer (D:12)
  4 ugly things
  2 deep elf magi (D:15)
  3 orc sorcerers (Orc:2)
  4 orc knights
  5 slime creatures (D:13)
  6 cyclopes
  2 manticores
  Maurice (D:13)
  A black mamba (Lair:4)
  A gargoyle (D:10)
  An ice statue (IceCv)
  4 centaur zombies
  6 spiny frogs
  An efreet (D:15)
  5 komodo dragons
  5 kobold demonologists
  A tengu conjurer (D:15)
  16 polar bears
  2 hornets
  7 trolls
  4 hippogriffs
  A meliai zombie (D:15)
  A centaur simulacrum (D:14)
  3 shadows
  A spriggan (D:8)
  2 water elementals (D:14)
  Eustachio (D:5)
  4 hogs (D:14)
  2 basilisks
  51 yaks
  8 wraiths
  3 wyverns
  2 steam dragons
  2 hungry ghosts
  The ghost of Platt the Cudgeler, an amateur DsBe of Trog (D:3)
  8 vampire mosquitoes
  A redback simulacrum (D:14)
  4 wargs
  5 nagas (Lair:3)
  2 swamp worms (Lair:1)
  A two-headed ogre zombie (D:10)
  6 water moccasins
  7 hell hounds (D:12)
  6 porcupines
  3 black bears
  43 orc warriors
  2 phantoms
  3 sky beasts
  15 ogres
  5 ice beasts
  2 eyes of draining (D:15)
  20 wolves
  10 centaurs
  2 crocodiles
  5 big kobolds
  Blork the orc (D:5)
  A gnoll sergeant (D:10)
  19 bullfrogs
  3 scorpions
  A troll skeleton (D:9)
  A troll zombie (D:10)
  13 wights
  4 howler monkeys
  5 crimson imps
  A spriggan skeleton (D:9)
  4 bullfrog zombies
  10 hounds
  A quasit (D:12)
  18 orc priests
  3 jellies
  28 orc wizards
  8 centaur skeletons
  2 iguanas
  Natasha (thrice) (D:2)
  2 bullfrog skeletons
  7 worker ants
  A killer bee zombie (D:6)
  6 ogre zombies (D:10)
  2 worker ant zombies
  Robin (D:2)
  5 gnolls
  18 adders
  4 shadow imps
  2 white imps (D:14)
  2 ufetubi (D:14)
  2 oozes
  2 worms
  2 dart slugs
  12 leopard geckos
  87 orcs
  4 giant cockroaches
  14 goblins
  11 hobgoblins
  4 jackals (D:8)
  5 quokkas
  A ball python (D:5)
  A ball python skeleton (D:4)
  10 bats
  3 frilled lizards
  A goblin skeleton (D:10)
  4 goblin zombies (D:10)
  3 hobgoblin zombies (D:10)
  A jackal skeleton (D:6)
  26 kobolds
  A leopard gecko skeleton (D:6)
  An orc skeleton (D:10)
  16 orc zombies (D:10)
  3 quokka skeletons
  7 rats
  A fungus (Lair:2)
  A plant (Lair:2)
760 creatures vanquished.

Vanquished Creatures (collateral kills)
  Rupert (D:12)
  A two-headed ogre (D:15)
  A hell knight (D:12)
  An orc sorcerer (Orc:1)
  A cyclops (Orc:1)
  3 orc warriors (Orc:1)
  An ogre (Orc:1)
  4 orc priests
  2 orc wizards (Orc:1)
  5 orcs (Orc:1)
  A plant (Lair:4)
21 creatures vanquished.

Vanquished Creatures (others)
  3 polar bears (IceCv)
  4 yaks
  2 wolves (IceCv)
  An orc priest (D:6)
  2 plants (Lair:1)
12 creatures vanquished.

Grand Total: 793 creatures vanquished

Notes
Turn   | Place    | Note
-------+----------+-------------------------------------------
     0 | D:1      | hawla the Minotaur Berserker began the quest for the Orb.
     0 | D:1      | Reached XP level 1. HP: 19/19 MP: 0/0
   465 | D:1      | Reached XP level 2. HP: 27/27 MP: 1/1
   821 | D:1      | Reached skill level 4 in Axes
  1213 | D:2      | Noticed Robin
  1353 | D:3      | Reached XP level 3. HP: 17/33 MP: 2/2
  1460 | D:3      | Reached ** piety under Trog
  1474 | D:2      | Reached XP level 4. HP: 39/41 MP: 3/3
  1487 | D:2      | Killed Robin
  1822 | D:2      | Reached skill level 5 in Axes
  2056 | D:2      | Noticed Natasha
  2059 | D:2      | Killed Natasha
  2059 | D:2      | Reached XP level 5. HP: 47/47 MP: 4/4
  2193 | D:2      | Noticed Natasha
  2200 | D:2      | Killed Natasha
  2206 | D:2      | Noticed Natasha
  2211 | D:2      | Killed Natasha
  2361 | D:3      | Reached *** piety under Trog
  2361 | D:3      | Reached skill level 1 in Throwing
  2380 | D:3      | Reached XP level 6. HP: 18/55 MP: 5/5
  2881 | D:3      | Found a runed translucent door.
  2881 | D:3      | Noticed Platt's ghost (amateur DsBe)
  3162 | D:3      | Found a shadowy altar of Dithmenos.
  3166 | D:3      | Reached skill level 6 in Axes
  3531 | D:4      | Reached skill level 5 in Fighting
  3548 | D:4      | Reached XP level 7. HP: 32/61 MP: 6/6
  3976 | D:4      | Reached skill level 5 in Dodging
  3977 | D:4      | Reached **** piety under Trog
  4136 | D:5      | Entered Level 5 of the Dungeon
  4241 | D:5      | Reached skill level 7 in Axes
  4482 | D:5      | Noticed Blork the orc
  4491 | D:5      | Killed Blork the orc
  4782 | D:5      | Noticed Eustachio
  4787 | D:5      | Killed Eustachio
  4787 | D:5      | Reached skill level 5 in Armour
  4787 | D:5      | Reached XP level 8. HP: 70/70 MP: 7/7
  5009 | D:6      | Reached skill level 8 in Axes
  5011 | D:6      | Found a shimmering altar of Xom.
  5049 | D:6      | Found a staircase to the Ecumenical Temple.
  5144 | D:6      | Got a steaming pewter amulet
  5995 | D:6      | Identified the amulet of Suspected Treachery {rF+ rC+
                  | Regen+} (You found it on level 6 of the Dungeon)
  6036 | D:7      | Reached skill level 9 in Axes
  6136 | D:7      | Reached XP level 9. HP: 78/78 MP: 8/8
  6237 | D:7      | Noticed Harold
  6250 | D:7      | Killed Harold
  6250 | D:7      | Reached skill level 10 in Axes
  6662 | D:8      | Found a sacrificial altar of Ru.
  6743 | D:8      | Noticed a troll
  6758 | D:8      | Killed a troll
  6847 | D:8      | Reached skill level 1 in Staves
  6983 | D:8      | Found a staircase to the Lair.
  7105 | D:8      | Reached skill level 11 in Axes
  7497 | D:3      | Killed Platt's ghost
  7497 | D:3      | Reached XP level 10. HP: 86/86 MP: 9/9
  7679 | D:9      | Reached ***** piety under Trog
  7831 | D:9      | Noticed a two-headed ogre
  7841 | D:9      | Killed a two-headed ogre
  7925 | D:9      | Paralysed by a hornet for 3 turns
  8270 | D:9      | Noticed Erolcha
  8285 | D:9      | Killed Erolcha
  8682 | D:9      | Killed an unseen horror
  8682 | D:9      | Reached skill level 1 in Polearms
  8871 | D:9      | Got a twisted robe
  8882 | D:9      | Identified the +1 robe "Viedd" {Dex+2} (You found it on
                  | level 9 of the Dungeon)
  9014 | Temple   | Entered the Ecumenical Temple
  9120 | D:10     | Entered Level 10 of the Dungeon
  9148 | D:10     | Noticed a gargoyle
  9159 | D:10     | Killed a gargoyle
  9159 | D:10     | Reached XP level 11. HP: 45/95 MP: 10/10
  9182 | D:10     | Found a flagged portal.
  9245 | Bailey   | Entered a bailey
  9250 | Bailey   | Reached skill level 5 in Throwing
  9250 | Bailey   | Reached skill level 10 in Armour
  9250 | Bailey   | Reached skill level 10 in Dodging
  9250 | Bailey   | Reached XP level 12. HP: 106/106 MP: 10/13
  9816 | D:10     | Found a staircase to the Orcish Mines.
  9864 | D:10     | Reached skill level 12 in Axes
 10019 | D:10     | Received a gift from Trog
 10049 | D:10     | Reached skill level 10 in Fighting
 10180 | D:10     | Found a hazy altar of Hepliaklqana.
 10773 | D:10     | Reached skill level 5 in Staves
 11306 | D:11     | Noticed a two-headed ogre
 11316 | D:11     | Killed a two-headed ogre
 11406 | D:11     | Noticed a six-headed hydra
 11413 | D:11     | Killed a two-headed hydra
 11467 | D:11     | Noticed a four-headed hydra
 11477 | D:11     | Killed a one-headed hydra
 11733 | D:11     | Received a gift from Trog
 11934 | D:11     | Got an ichor-stained hunting sling
 12013 | D:12     | Found a flickering gateway to a bazaar.
 12037 | Bazaar   | Entered a bazaar
 12056 | Bazaar   | Found Wijiumu's Jewellery Shoppe.
 12080 | Bazaar   | Found Aceequco's Antique Weapon Boutique.
 12116 | Bazaar   | Found Jeus Rub's Antique Weapon Shoppe.
 12127 | Bazaar   | Found Kiorghuuwn's Antique Armour Shoppe.
 12135 | Bazaar   | Bought a cloak for 76 gold pieces
 12135 | Bazaar   | Bought a pitted scale mail for 153 gold pieces
 12155 | Bazaar   | Bought an uncursed ring of poison resistance for 260 gold
                  | pieces
 12155 | Bazaar   | Bought an uncursed ring of protection from fire for 325
                  | gold pieces
 12155 | Bazaar   | Bought an uncursed ring of protection from magic for 325
                  | gold pieces
 12299 | D:12     | Reached skill level 13 in Axes
 12476 | D:13     | Identified the +3 scale mail of Liasm {SInv} (You bought it
                  | in a shop in a bazaar)
 12543 | D:12     | Found a glowing silver altar of Zin.
 12900 | D:12     | Reached XP level 13. HP: 108/116 MP: 14/14
 13947 | D:13     | Noticed Maurice
 13947 | D:13     | Noticed Josephine
 13953 | D:13     | Reached skill level 1 in Maces & Flails
 13965 | D:13     | Killed Maurice
 13986 | D:12     | Killed Josephine
 14102 | D:13     | Noticed Rupert
 14103 | D:13     | Paralysed by Rupert for 2 turns
 14135 | D:13     | HP: 8/175 [Rupert/+0 great mace of protection (20)]
 14803 | D:12     | Killed Rupert
 15085 | D:13     | Reached skill level 14 in Axes
 15588 | D:13     | Reached skill level 1 in Long Blades
 15945 | D:13     | Received a gift from Trog
 16470 | D:14     | Noticed Agnes
 16477 | D:14     | Killed Agnes
 16564 | D:14     | Reached XP level 14. HP: 123/126 MP: 15/15
 16790 | D:14     | Found a frozen archway.
 16797 | IceCv    | Entered an ice cave
 17477 | IceCv    | Noticed a frost giant
 17500 | IceCv    | Killed a frost giant
 17949 | D:14     | Found Plog's Distillery.
 17953 | D:14     | Received a gift from Trog
 18015 | D:14     | Bought a potion of cancellation for 136 gold pieces
 18015 | D:14     | Bought a potion of degeneration for 17 gold pieces
 18112 | D:14     | Reached skill level 15 in Axes
 18252 | D:14     | Found a gate to the Vaults.
 18290 | D:14     | Noticed Kirke
 18303 | D:14     | Killed Kirke
 18303 | D:14     | Reached skill level 10 in Staves
 18730 | Temple   | Identified the +2 hunting sling of Mandamus {freeze, rN+
                  | Dex+4} (You found it on level 11 of the Dungeon)
 19025 | D:14     | Found an iron altar of Okawaru.
 19323 | D:15     | Entered Level 15 of the Dungeon
 20277 | D:15     | Got a wavering lead ring
 20373 | D:15     | Reached skill level 16 in Axes
 20483 | D:15     | Found a staircase to the Depths.
 20488 | D:15     | Received a gift from Trog
 20906 | D:15     | Reached XP level 15. HP: 118/136 MP: 5/16
 21117 | D:13     | Identified the ring "Qoidaw" {+Blink Int+6 Slay+2 Stlth+}
                  | (You found it on level 15 of the Dungeon)
 21218 | Lair:1   | Entered Level 1 of the Lair of Beasts
 21768 | Lair:1   | Found a white marble altar of Elyvilon.
 22665 | Lair:2   | You fall into a shaft and drop 1 floor!
 22678 | Lair:3   | Found a staircase to the Snake Pit.
 23467 | Lair:2   | Gained mutation: Armour fits poorly on your strangely
                  | shaped body. [potion of mutation]
 23467 | Lair:2   | Gained mutation: Your magical capacity is low. (-10% MP)
                  | [potion of mutation]
 23467 | Lair:2   | Gained mutation: Your mind is acute. (Int +2) [potion of
                  | mutation]
 23467 | Lair:2   | Gained mutation: You are agile. (Dex +2) [potion of
                  | mutation]
 25517 | Lair:4   | Found a staircase to the Shoals.
 25588 | Lair:4   | Reached skill level 17 in Axes
 26426 | Orc:1    | Entered Level 1 of the Orcish Mines
 26802 | Orc:2    | Entered Level 2 of the Orcish Mines
 26802 | Orc:2    | Noticed an orc warlord
 27654 | Orc:1    | Killed an orc warlord
 27953 | Orc:2    | Found a roughly hewn altar of Beogh.
 28005 | Orc:2    | Found a roughly hewn altar of Beogh.
 28012 | Orc:2    | Received a gift from Trog
 28073 | Orc:2    | Found a roughly hewn altar of Beogh.
 28079 | Orc:2    | Found Quax's Food Boutique.
 28127 | Orc:2    | Bought a ration for 50 gold pieces
 28127 | Orc:2    | Bought a ration for 50 gold pieces
 28127 | Orc:2    | Bought a ration for 50 gold pieces
 28127 | Orc:2    | Bought a ration for 50 gold pieces
 28127 | Orc:2    | Bought a ration for 50 gold pieces
 28127 | Orc:2    | Bought a ration for 50 gold pieces
 28127 | Orc:2    | Bought a ration for 50 gold pieces
 28127 | Orc:2    | Bought a ration for 50 gold pieces
 28127 | Orc:2    | Bought a ration for 50 gold pieces
 28169 | Orc:2    | Found a staircase to the Elven Halls.
 28247 | Orc:2    | Found a roughly hewn altar of Beogh.
 28248 | Orc:2    | Found Kougosuo's Magic Scroll Shoppe.
 28319 | Orc:2    | Bought a scroll of teleportation for 42 gold pieces
 28319 | Orc:2    | Bought a scroll of blinking for 105 gold pieces
 28319 | Orc:2    | Bought a scroll of remove curse for 42 gold pieces
 28319 | Orc:2    | Bought a scroll of magic mapping for 49 gold pieces
 28319 | Orc:2    | Bought a scroll of identify for 28 gold pieces
 28412 | Orc:2    | Noticed an orc warlord
 28538 | Orc:2    | Demolished by an orc warrior

Illustrated notes

Levels and vault maps discovered:
D:1:      minmay_arrival_up_and_down, layout_basic
D:2:      layout_basic, uniq_robin, uniq_natasha
D:3:      layout_loops_ring, grunt_dithmenos_smoke, ebering_ghost_sewer_d
D:4:      layout_gridville
D:5:      layout_basic, first_ration, kennysheep_nondescript,
          serial_bayou_crossing, uniq_eustachio, uniq_blork_the_orc
D:6:      layout_loops_corners, minmay_temple_entry_stoned_glass,
          xom_confusion_cloud
D:7:      layout_basic, uniq_harold
D:8:      layout_basic, lair_entry_dummy, grunt_pizzeria,
          nicolae_ru_sacrificial_ziggurat
D:9:      layout_roguey, hangedman_tell_no_tales, uniq_erolcha
D:10:     layout_irregular_city, zombieorc2_lemuel, basic_altar, enter_bailey_2,
          minmay_pinched_square
D:11:     layout_cave_pools
D:12:     layout_roguey, basic_altar, serial_shops, bzr_entry_road,
          minmay_rotating_lava
D:13:     layout_rooms, uniq_josephine, uniq_maurice, uniq_rupert
D:14:     layout_loops_corners, david_vaults_5, serial_shops,
          nicolae_shop_stone, minmay_misc_feat_plants, serial_ice, serial_ice_j,
          serial_ice_d, serial_ice_a, serial_ice_g,
          portal_ice_cave_entry_pillars_2, okawaru_ov_weapons_minmay,
          uniq_kirke, uniq_agnes
D:15:     grunt_enter_depths_magical_seal, layout_gridville, st_stairs_8
Temple:   minmay_crystal_snake_temple
Lair:1:   layout_hall_layers, basic_altar, worms_lemuel
Lair:2:   layout_cave_pods
Lair:3:   layout_cave_pods, minmay_snake_entry_guardpost_medium
Lair:4:   layout_cave_pods, shoals_dummy_entry, beast_lair_carwin_3
Orc:1:    layout_diamond_mine
Orc:2:    grunt_orc_community_town_hall, layout_caves,
          grunt_orc_community_big_house_1, grunt_orc_community_big_house_1,
          grunt_orc_community_house_1, grunt_orc_community_house_3,
          grunt_orc_community_house_3, grunt_orc_community_house_1,
          nicolae_orc_rockfall

Skill      XL: |  1  2  3  4  5  6  7  8  9 10 11 12 13 14 15 |
---------------+----------------------------------------------+-----
Fighting       | 4 5 6 7 8 9 11 12 13 | 13.8
Axes           | 4 5 6 7 9 11 13 14 16 17 | 17.3
Dodging        | 3 4 5 6 8 9 10 11 | 11.8
Throwing       | 1 2 3 5 8 |  8.4
Armour         | 3 5 6 7 9 10 12 13 | 13.6
Staves         | 1 4 7 8 10 | 10.8
Polearms       | 1 2 |  2.1
Evocations     | 3 4 |  4.9
Maces & Flails | 3 4 |  4.7
Long Blades    | 3 4 |  4.1

Action                   |  1- 3 |  4- 6 |  7- 9 | 10-12 | 13-15 || total
-------------------------+-------+-------+-------+-------+-------++-------
Melee: Hand axe          |    51 |   134 |    56 |       |       ||   241
       Headbutt          |     7 |    27 |    56 |   122 |   304 ||   516
       War axe           |       |       |   126 |   218 |   267 ||   611
       Quarterstaff      |       |       |    37 |   114 |    24 ||   175
       Glaive            |       |       |       |    15 |       ||    15
       Lajatang          |       |       |       |   104 |   164 ||   268
       Great sword       |       |       |       |       |    29 ||    29
       Demon whip        |       |       |       |       |    26 ||    26
       Great mace        |       |       |       |       |    86 ||    86
       Executioner's axe |       |       |       |       |   348 ||   348
       Long sword        |       |       |       |       |    15 ||    15
       Double sword      |       |       |       |       |     4 ||     4
Throw: Boomerang         |     7 |     1 |     4 |    79 |   115 ||   206
       Dart              |       |    11 |     3 |     8 |    40 ||    62
Invok: Brothers in Arms  |       |       |       |       |     9 ||     9
       Trog's Hand       |       |       |       |       |     6 ||     6
       Berserk           |       |       |       |       |     1 ||     1
 Abil: Evoke Blink       |       |       |       |       |     2 ||     2
Evoke: Wand              |       |       |       |     2 |    24 ||    26
       Phantom mirror    |       |       |       |     1 |       ||     1
       Box of beasts     |       |       |       |       |     1 ||     1
  Use: Scroll            |     6 |     2 |     4 |    10 |    22 ||    44
       Potion            |       |     1 |     2 |     4 |    10 ||    17
 Stab: Distracted        |       |       |       |       |     2 ||     2
  Eat: Chunk             |     2 |     6 |    11 |     9 |    25 ||    53
       Ration            |       |       |     1 |     3 |     9 ||    13
Armor: Animal skin       |     3 |       |       |       |       ||     3
       Leather armour    |     5 |    15 |       |       |       ||    20
       Ring mail         |       |    32 |     7 |       |       ||    39
       Scale mail        |       |       |    32 |     8 |   308 ||   348
       Chain mail        |       |       |    43 |   170 |       ||   213
       Plate armour      |       |       |       |       |   156 ||   156
Dodge: Dodged            |    50 |    70 |   169 |   341 |  1024 ||  1654
       Rpst.: Great sword |       |       |       |       |     7 ||     7
       Long sword        |       |       |       |       |     1 ||     1
       Double sword      |       |       |       |       |     2 ||     2
